 Dungeon Crawl Stone Soup version 0.22.1-2-g9c5b331 (webtiles) character file.

27384 diana the Unseen (level 13, -16/55 HPs)
             Began as a Spriggan Enchanter on Dec 27, 2018.
             Was the Champion of Okawaru.
             Demolished by a spiny frog (26 damage)
             ... on level 2 of the Lair of Beasts.
             The game lasted 00:52:41 (19984 turns).

diana the Unseen (Spriggan Enchanter)              Turns: 19984, Time: 00:52:42

Health: -16/55     AC:  6    Str:  6    XL:     13   Next: 4%
Magic:  19/34      EV: 29    Int: 18    God:    Okawaru [******]
Gold:   778        SH:  0    Dex: 18    Spells: 7/27 levels left

rFire    . . .     SeeInvis +   F - +3 short sword
rCold    . . .     Gourm    .   (shield restricted)
rNeg     + . .     Faith    .   M - +2 robe "Lebiu" {Stlth+}
rPois    .         Spirit   .   (helmet restricted)
rElec    .         Reflect  .   v - +1 cloak
rCorr    .         Harm     .   (gloves unavailable)
MR       ++...     Clarity  +   (boots unavailable)
Stlth    +++++++++.             p - amulet of the acrobat
HPRegen  0.18/turn              s - ring of positive energy
MPRegen  0.24/turn              B - ring of magical power

@: lethally poisoned (-16 -> -24), very quick
A: very small, unfitting armour, camouflage 1, see invisible, clarity,
herbivore, speed 3, sense surroundings 1, slow metabolism 2
a: Heroism, Finesse, Renounce Religion


You were on level 2 of the Lair of Beasts.
You worshipped Okawaru.
Okawaru was exalted by your worship.
You were hungry.

You visited 3 branches of the dungeon, and saw 15 of its levels.

You collected 778 gold pieces.

Inventory:

Hand Weapons
 E - a +0 hand crossbow
 F - a +3 short sword (weapon)
 H - a +2 short sword of speed
Armour
 q - a +1 robe of fire resistance
 t - a +0 shield
 v - a +1 cloak (worn)
 L - a scarf of cloud immunity
 M - the +2 robe "Lebiu" (worn) {Stlth+}
   (Okawaru gifted it to you on level 2 of the Lair of Beasts)

   It makes you more stealthy.
Jewellery
 p - an amulet of the acrobat (around neck)
 s - a ring of positive energy (left hand)
 B - a ring of magical power (right hand)
 G - an uncursed amulet of regeneration
 I - an uncursed ring of wizardry {unknown}
Wands
 a - a wand of enslavement (4)
 w - a wand of disintegration (9)
 y - a wand of paralysis (24)
Scrolls
 c - 6 scrolls of amnesia
 e - 10 scrolls of remove curse
 f - 4 scrolls of enchant weapon
 g - 3 scrolls of noise
 l - 6 scrolls of magic mapping
 m - 3 scrolls of blinking
 n - 5 scrolls of fear
 r - 4 scrolls of teleportation
 C - a scroll of enchant armour
 D - 2 scrolls of silence {unknown}
 J - a scroll of vulnerability {unknown}
Potions
 b - 6 potions of haste
 h - a potion of heal wounds
 i - 3 potions of mutation
 j - 3 potions of flight
 k - a potion of cancellation
 o - 3 potions of agility
 u - 9 potions of might
 x - 4 potions of brilliance
 z - 2 potions of degeneration {unknown}
 A - 4 potions of curing
 K - a potion of resistance {unknown}
Comestibles
 d - 15 rations


   Skills:
 + Level 9.3 Short Blades
 + Level 12.1 Dodging
 * Level 17.9 Stealth
 + Level 7.9 Spellcasting
 - Level 5.0 Conjurations
 + Level 8.1 Hexes
 * Level 10.2 Charms
 - Level 0.2 Necromancy
 - Level 5.0 Ice Magic


You had 7 spell levels left.
You knew the following spells:

 Your Spells              Type           Power        Failure   Level  Hunger
a - Corona                Hex            #####..      1%          1    None
b - Ensorcelled Hibernat  Hex/Ice        ####..       1%          2    None
c - Confuse               Hex            #####...     1%          3    #......
d - Tukima's Dance        Hex            #####...     1%          3    #......
e - Dazzling Spray        Conj/Hex       ####..       1%          3    #......
f - Regeneration          Chrm/Necr      ####......   3%          3    #......
g - Swiftness             Chrm/Air       ####....     1%          2    None
h - Infusion              Chrm           ####         1%          1    None
i - Shroud of Golubria    Chrm/Tloc      ####......   1%          2    None

Your spell library contained the following spells:

 Spells                   Type           Power        Failure   Level  Hunger
 Song of Slaying          Chrm           #####...     1%          2    None
 Spectral Weapon          Hex/Chrm       #####...     1%          3    #......
 Shock                    Conj/Air       ###.         3%          1    None
 Animate Skeleton         Necr           N/A          9%          1    None
 Pain                     Necr           #...         9%          1    None
 Summon Butterflies       Summ           #.......     10%         1    None
 Static Discharge         Conj/Air       ###.....     11%         3    #......
 Vampiric Draining        Necr           #.........   26%         3    #......
 Call Canine Familiar     Summ           #.......     30%         3    #......
 Summon Ice Beast         Ice/Summ       ###.....     34%         4    ###....
 Summon Mana Viper        Hex/Summ       ###.....     45%         5    #####..
 Animate Dead             Necr           N/A          65%         4    ###....
 Airstrike                Air            #.........   69%         4    ###....
 Lightning Bolt           Conj/Air       ###.......   69%         5    #####..
 Summon Hydra             Summ           #.........   100%        7    #######


Dungeon Overview and Level Annotations

Branches:
Dungeon (12/15)            Temple (1/1) D:6            Lair (2/6) D:9
    Orc (0/2) D:10
  Swamp: Lair:2-4    Shoals: Lair:2-4     Snake: Lair:2-4    Spider: Lair:2-4

Altars:
Ashenzari
Cheibriados
Dithmenos
Elyvilon
Fedhas
Gozag
Hepliaklqana
Kikubaaqudgha
Makhleb
Nemelex Xobeh
Okawaru
Qazlal
Ru
Sif Muna
Trog
Uskayaw
Vehumet
Wu Jian
Xom
Yredelemnul
Zin
The Shining One
Lugonu

Shops:
D:4 ?   D:5 [   D:6 :

Annotations:
D:9 3 runed doors, exclusion: oklob plant, NikiYani's ghost, journeyman GnFi
D:12 1 runed door


Innate Abilities, Weirdness & Mutations

You are very small and have problems with some larger weapons.
You are too small for most types of armour.
You have supernaturally acute eyesight. (SInv)
You are a herbivore.
You cover ground extremely quickly.
You need to consume almost no food.
Your skin changes colour to match your surroundings (Stealth+).
You possess an exceptional clarity of mind.
You passively map a small area around you.


Message History

Aim: a spiny frog (moderately wounded, blind, hasn't noticed you)
The spray of energy hits the spiny frog.
The spiny frog is severely wounded.
The spray of energy hits the plant.
You feel sick.
The spiny frog is no longer blind.
The spiny frog misses you.
Casting: Dazzling Spray (safe; 1% risk of failure)
Confirm with . or Enter, or press ? or * to list all spells.
Aiming: Dazzling Spray (safe; 1% risk of failure)
Press: ? - help, Shift-Dir - straight line, f/p - spiny frog
Aim: a spiny frog (moderately wounded)
The spray of energy hits the spiny frog.
The spiny frog is almost dead.
The spiny frog is dazzled.
You feel sick. The spiny frog completely misses you.
You barely miss the spiny frog.
The spiny frog is almost dead.
The spiny frog closely misses you.
You hit the spiny frog.
The spiny frog is almost dead.
You feel sick. The spiny frog stings you!!
You die...

........##...........#.....#.....
..##... #..PP........#....##...P
.# #.. * #..##.............##...P
.# #.#####..##.......#.....#.....
.###.##.P...#.....†..#.....##.#P#
.............####.#####....P.####
............P###.##.##.>.........
...............F.................
...............F@.........<......
................>................
.................................
.#P..###.....#########.....#...##
.......#.....#### ##.....######
.......'.....#..#####......##...#
.......#...........###.....##...#
.#.....#.....P##...###......+...#
.#...........+.+...##......##....


You could see 2 spiny frogs.

Vanquished Creatures
  A hydra (D:9)
  3 two-headed ogres
  4 skeletal warriors (D:11)
  The ghost of MordorOrchid the Fighter, a novice OpWn of Okawaru (D:7)
  An unseen horror (D:11)
  Pikel (D:6)
  An orc knight (D:12)
  An orc sorcerer (D:12)
  2 ugly things (D:11)
  A cyclops (D:11)
  A black mamba (Lair:2)
  A centaur skeleton (D:12)
  9 spiny frogs
  A kobold demonologist (D:11)
  2 komodo dragons
  2 trolls
  A hornet (D:12)
  2 dream sheep (D:9)
  2 hippogriffs
  Sigmund (D:2)
  A shadow (D:11)
  25 yaks
  A wraith (D:10)
  A basilisk (D:12)
  A two-headed ogre zombie (D:10)
  3 hungry ghosts
  A soldier ant (D:10)
  2 water moccasins
  3 porcupines
  3 ice beasts
  2 slaves (D:6)
  2 sky beasts
  13 orc warriors
  2 phantoms (D:10)
  9 wolves
  4 necrophages
  6 ogres
  3 centaurs
  6 crocodiles
  3 big kobolds (D:9)
  6 bullfrogs
  A wyvern skeleton (D:12)
  4 scorpions
  2 troll zombies (D:10)
  3 killer bees (D:7)
  18 wights
  7 howler monkeys
  3 centaur zombies
  6 crimson imps
  3 bullfrog zombies
  A quasit (D:9)
  A bullfrog skeleton (D:10)
  11 hounds
  A jelly (D:12)
  6 orc priests
  5 iguanas
  14 orc wizards
  11 worker ants
  5 ogre zombies (D:10)
  2 mummies (D:11)
  13 adders
  5 shadow imps
  An ooze (D:2)
  An adder zombie (D:6)
  5 worms
  2 dart slugs (D:1)
  5 leopard geckos
  32 orcs
  4 giant cockroaches
  7 hobgoblins
  13 jackals
  10 kobolds
  10 quokkas
  8 bats
  5 frilled lizards
  A giant cockroach zombie (D:5)
  9 goblins
  3 goblin skeletons (D:10)
  3 goblin zombies (D:10)
  6 hobgoblin skeletons (D:10)
  2 hobgoblin zombies (D:10)
  3 orc skeletons (D:10)
  8 orc zombies (D:10)
  3 quokka skeletons
  A quokka zombie (D:7)
  12 rats
411 creatures vanquished.

Vanquished Creatures (others)
  A wyvern skeleton (D:6)
  4 plants (D:9)
  8 toadstools (D:9)
13 creatures vanquished.

Grand Total: 424 creatures vanquished

Notes
Turn   | Place    | Note
-------+----------+-------------------------------------------
     0 | D:1      | diana the Spriggan Enchanter began the quest for the Orb.
     0 | D:1      | Reached XP level 1. HP: 9/9 MP: 5/5
   225 | D:1      | Reached XP level 2. HP: 5/13 MP: 6/6
   507 | D:1      | Found a sparkling altar of Nemelex Xobeh.
   581 | D:1      | Reached skill level 5 in Stealth
   692 | D:1      | Learned a level 2 spell: Ensorcelled Hibernation
  1512 | D:1      | Reached XP level 3. HP: 12/16 MP: 8/8
  2439 | D:2      | Noticed Sigmund
  2727 | D:2      | Gained mutation: Your skin changes colour to match your
                  | surroundings (Stealth+). [potion of mutation]
  2727 | D:2      | Gained mutation: You evolve. [potion of mutation]
  2860 | D:2      | Gained mutation: You possess an exceptional clarity of
                  | mind. [evolution]
  2888 | D:2      | Killed Sigmund
  2888 | D:2      | Reached skill level 6 in Stealth
  2888 | D:2      | Reached XP level 4. HP: 17/21 MP: 4/10
  2888 | D:2      | Reached XP level 5. HP: 19/24 MP: 4/11
  2998 | D:2      | Reached skill level 7 in Stealth
  3179 | D:3      | Found a burning altar of Makhleb.
  3209 | D:3      | Reached XP level 6. HP: 10/28 MP: 8/13
  3460 | D:3      | Learned a level 3 spell: Confuse
  3464 | D:3      | Learned a level 3 spell: Tukima's Dance
  3468 | D:3      | Learned a level 3 spell: Dazzling Spray
  4103 | D:3      | Found a glowing silver altar of Zin.
  4442 | D:3      | Gained mutation: You passively map a small area around you.
                  | [evolution]
  4442 | D:3      | Lost mutation: You evolve. [end of evolution]
  4660 | D:4      | Found a bloodstained altar of Trog.
  4705 | D:4      | Found a sacrificial altar of Ru.
  4722 | D:4      | Found a hide-covered altar of Uskayaw.
  4763 | D:4      | Found a radiant altar of Vehumet.
  4814 | D:4      | Found a shimmering altar of Xom.
  4816 | D:4      | Found a white marble altar of Elyvilon.
  4816 | D:4      | Found an opulent altar of Gozag.
  4818 | D:4      | Found a blossoming altar of Fedhas.
  4818 | D:4      | Found an ancient bone altar of Kikubaaqudgha.
  4818 | D:4      | Found a stormy altar of Qazlal.
  4938 | D:4      | Found Eleceybe's Magic Scroll Boutique.
  5081 | D:4      | Found an ornate altar of the Wu Jian Council.
  5086 | D:4      | Reached skill level 8 in Stealth
  5086 | D:4      | Reached skill level 5 in Hexes
  5284 | D:4      | Reached skill level 5 in Dodging
  5284 | D:4      | Reached XP level 7. HP: 28/32 MP: 11/14
  5286 | D:4      | Found a shattered altar of Ashenzari.
  5330 | D:5      | Entered Level 5 of the Dungeon
  5357 | D:5      | Found Todit Rye's Armour Boutique.
  5387 | D:5      | Found a stormy altar of Qazlal.
  6143 | D:6      | Found a staircase to the Ecumenical Temple.
  6387 | D:6      | Reached skill level 9 in Stealth
  6552 | D:6      | Got a spiked chain mail
  6558 | Temple   | Entered the Ecumenical Temple
  6607 | Temple   | Became a worshipper of Warmaster Okawaru
  6650 | D:6      | Reached skill level 1 in Ice Magic
  6682 | D:6      | Found an opulent altar of Gozag.
  6702 | D:6      | Noticed Pikel
  6720 | D:6      | Killed Pikel
  6720 | D:6      | Reached * piety under Okawaru
  6720 | D:6      | Reached skill level 10 in Stealth
  6720 | D:6      | Reached skill level 1 in Conjurations
  6720 | D:6      | Reached XP level 8. HP: 28/36 MP: 4/16
  6745 | D:6      | Found a deep blue altar of Sif Muna.
  6787 | D:6      | Found Muifoataip's Book Shoppe.
  6876 | D:6      | Learned a level 3 spell: Regeneration
  7194 | D:7      | Noticed a hippogriff
  7211 | D:7      | Killed a hippogriff
  7211 | D:7      | Reached skill level 5 in Short Blades
  7211 | D:7      | Reached skill level 11 in Stealth
  7271 | D:7      | Reached ** piety under Okawaru
  7330 | D:7      | Reached XP level 9. HP: 39/39 MP: 17/17
  7415 | D:7      | Found a runed door.
  7416 | D:7      | Noticed MordorOrchid's ghost (novice OpWn)
  7476 | D:7      | Found a hazy altar of Hepliaklqana.
  7589 | D:7      | Found a snail-covered altar of Cheibriados.
  8072 | D:8      | Found a basalt altar of Yredelemnul.
  8288 | D:8      | Reached skill level 12 in Stealth
  8686 | D:8      | Found a sparkling altar of Nemelex Xobeh.
  9007 | D:9      | Reached *** piety under Okawaru
  9080 | D:9      | Found a shadowy altar of Dithmenos.
  9265 | D:9      | Found a blossoming altar of Fedhas.
  9288 | D:9      | Noticed an oklob plant
  9434 | D:9      | Found a runed gate.
  9434 | D:9      | Found a runed gate.
  9434 | D:9      | Found a runed gate.
  9435 | D:9      | Noticed NikiYani's ghost (journeyman GnFi)
  9563 | D:9      | Found a staircase to the Lair.
  9645 | D:9      | Found a shimmering altar of Xom.
  9650 | D:9      | Noticed a two-headed ogre
  9913 | D:9      | Killed a two-headed ogre
  9913 | D:9      | Reached **** piety under Okawaru
  9913 | D:9      | Reached skill level 13 in Stealth
  9913 | D:9      | Reached XP level 10. HP: 27/44 MP: 14/18
 10533 | D:9      | Reached skill level 14 in Stealth
 10630 | D:9      | Noticed a two-headed hydra
 10633 | D:9      | Killed a two-headed hydra
 10633 | D:9      | Reached ***** piety under Okawaru
 10901 | D:10     | Entered Level 10 of the Dungeon
 10992 | D:10     | Found a staircase to the Orcish Mines.
 12596 | D:10     | Reached skill level 10 in Dodging
 12713 | D:10     | Reached skill level 15 in Stealth
 12767 | D:10     | Reached skill level 5 in Ice Magic
 13226 | D:10     | Received a gift from Okawaru
 13396 | D:11     | Reached XP level 11. HP: 39/46 MP: 10/19
 13549 | D:11     | Learned a level 2 spell: Swiftness
 13611 | D:11     | Reached skill level 1 in Charms
 13653 | D:11     | Reached skill level 5 in Spellcasting
 13668 | D:11     | Noticed a red ugly thing
 13682 | D:11     | Killed a red ugly thing
 13743 | D:11     | Noticed a two-headed ogre
 13745 | D:11     | Killed a two-headed ogre
 14254 | D:11     | Noticed an unseen horror
 14263 | D:11     | Killed an unseen horror
 14321 | D:11     | Reached skill level 5 in Conjurations
 14430 | D:11     | Noticed a skeletal warrior
 14434 | D:11     | Noticed a skeletal warrior
 14437 | D:11     | Killed a skeletal warrior
 14822 | D:11     | Killed a skeletal warrior
 14843 | D:11     | Reached skill level 5 in Charms
 14866 | D:11     | Noticed a cyan ugly thing
 14869 | D:11     | Noticed a two-headed ogre
 14871 | D:11     | Killed a cyan ugly thing
 14871 | D:11     | Reached skill level 16 in Stealth
 14873 | D:11     | Killed a two-headed ogre
 14965 | D:11     | Noticed a skeletal warrior
 14966 | D:11     | Noticed a skeletal warrior
 14970 | D:11     | Killed a skeletal warrior
 14974 | D:11     | Killed a skeletal warrior
 15109 | D:12     | Received a gift from Okawaru
 15109 | D:12     | Reached XP level 12. HP: 50/50 MP: 22/22
 15252 | D:12     | Learned a level 1 spell: Infusion
 15255 | D:12     | Learned a level 2 spell: Shroud of Golubria
 15548 | D:12     | Found a runed door.
 15905 | D:7      | Killed MordorOrchid's ghost
 16827 | D:12     | Noticed an orc warlord
 16837 | D:12     | HP: 2/50 [orc warrior/war axe (23)]
 17152 | D:12     | Reached skill level 17 in Stealth
 17227 | D:12     | Received a gift from Okawaru
 17228 | D:12     | Got a fine broad axe {god gift}
 17451 | Lair:1   | Entered Level 1 of the Lair of Beasts
 18229 | Lair:1   | Reached ****** piety under Okawaru
 18461 | Lair:1   | Received a gift from Okawaru
 19356 | Lair:2   | Reached skill level 10 in Charms
 19851 | Lair:2   | Received a gift from Okawaru
 19851 | Lair:2   | Reached XP level 13. HP: 55/55 MP: 25/25
 19852 | Lair:2   | Got a transparent robe {god gift}
 19863 | Lair:2   | Identified the +2 robe "Lebiu" {Stlth+} (Okawaru gifted it
                  | to you on level 2 of the Lair of Beasts)
 19984 | Lair:2   | Demolished by a spiny frog

Skill      XL: |  1  2  3  4  5  6  7  8  9 10 11 12 |
---------------+-------------------------------------+-----
Stealth        | 5 6 7 8 10 11 13 15 16 17 | 17.9
Spellcasting   | 3 4 6 7 |  7.9
Hexes          | 4 5 6 8 |  8.1
Short Blades   | 2 3 4 5 6 7 8 9 |  9.3
Dodging        | 4 5 6 7 8 10 11 12 | 12.1
Ice Magic      | 1 2 3 5 |  5.0
Conjurations   | 1 2 3 4 5 |  5.0
Charms         | 6 10 | 10.2
Necromancy     | |  0.2

Action                   |  1- 3 |  4- 6 |  7- 9 | 10-12 | 13-15 || total
-------------------------+-------+-------+-------+-------+-------++-------
Melee: Dagger            |   169 |   163 |   342 |   228 |       ||   902
       Short sword       |       |       |       |   606 |    15 ||   621
 Cast: Ensorcelled Hiber |    22 |    28 |    86 |   139 |     3 ||   278
       Corona            |     1 |       |       |       |       ||     1
       Confuse           |       |       |    20 |    70 |     1 ||    91
       Dazzling Spray    |       |       |     7 |    68 |     5 ||    80
       Regeneration      |       |       |       |    11 |       ||    11
       Infusion          |       |       |       |     3 |       ||     3
       Shroud of Golubri |       |       |       |     2 |       ||     2
  Use: Potion            |     2 |       |     2 |     1 |       ||     5
       Scroll            |       |     8 |     7 |     5 |       ||    20
 Stab: Sleeping          |    17 |    40 |    64 |   109 |     4 ||   234
       Distracted        |       |     1 |       |     8 |       ||     9
       Confused          |       |       |     7 |    32 |       ||    39
       Invisible         |       |       |     2 |    18 |     1 ||    21
  Eat: Ration            |       |     2 |     4 |    11 |       ||    17
Armor: Robe              |    18 |    17 |    22 |    29 |     2 ||    88
Dodge: Dodged            |   145 |   193 |   243 |   618 |    26 ||  1225
